 Dungeon Crawl Stone Soup version 0.27-a0-951-gae3e1deef5 (webtiles) character file.

Game seed: 13187165735714322308

1 Alarkh the Insei (level 1, 0/15 HPs)
             Began as a Demonspawn Transmuter on Apr 11, 2021.
             Slain by a rat (1 damage)
             ... on level 1 of the Dungeon.
             The game lasted 00:00:10 (34 turns).

Alarkh the Insei (Demonspawn Transmuter)              Turns: 34, Time: 00:00:11

Health: 0/15       AC:  2    Str: 10    XL:     1   Next: 16%
Magic:  2/3        EV: 12    Int: 14    God:
Gold:   0          SH:  0    Dex: 13    Spells: 3/4 levels left

rFire    . . .     SeeInvis .     - Unarmed
rCold    . . .     Faith    .   (no shield)
rNeg     . . .     Spirit   .   a - +0 robe
rPois    .         Reflect  .   (helmet currently unavailable)
rElec    .         Harm     .   (no cloak)
rCorr    .         Rampage  .   (no gloves)
Will     .....                  (boots currently unavailable)
Stlth    +.........             (no amulet)
HPRegen  0.05/turn              (no ring)
MPRegen  0.08/turn              (no ring)

@: appendages
A: horns 2, talons 2
a: End Transformation


You were on level 1 of the Dungeon.
You had temporarily grown beastly horns and talons.
You visited 1 branch of the dungeon, and saw 1 of its levels.

Inventory:

Armour
 a - a +0 robe (worn)


   Skills:
 + Level 1.0 Fighting
 - Level 1.7 Dodging
 * Level 2.7 Unarmed Combat
 + Level 2.0 Spellcasting
 + Level 1.8 Transmutations


You had 3 spell levels left.
You knew the following spells:

 Your Spells              Type           Power      Damage    Failure   Level
a - Beastly Appendage     Tmut           12%        N/A       12%         1

Your spell library contained the following spells:

 Spells                   Type           Power      Damage    Failure   Level
 Wereblood                Tmut           6%         N/A       17%         2
 Spider Form              Tmut/Pois      1%         N/A       45%         3
 Ice Form                 Ice/Tmut       3%         N/A       86%         4
 Hydra Form               Tmut           3%         N/A       97%         5


Dungeon Overview and Level Annotations

Branches:
Dungeon (1/15)

Altars:


Innate Abilities, Weirdness & Mutations

You have temporarily grown beastly horns and talons.


Message History

You barely miss the kobold. Your kick misses the kobold.
The kobold hits you with a +0 short sword.
You closely miss the kobold. Your kick misses the kobold.
The kobold closely misses you.
You hit the kobold. Your kick misses the kobold.
The kobold is moderately wounded.
The kobold closely misses you.
You miss the kobold.
The kobold is moderately wounded.
The kobold hits you with a +0 short sword.
You miss the kobold. Your headbutt misses the kobold.
The kobold is moderately wounded.
Your transformation is almost over.
The kobold hits you with a +0 short sword.
You are too injured to fight recklessly!
You are too injured to fight recklessly!
You closely miss the kobold. Your kick misses the kobold.
Your headbutt misses the kobold.
The kobold is moderately wounded.
The kobold closely misses you.
You hit the kobold but do no damage.
The kobold is moderately wounded.
The kobold completely misses you.
You hit the kobold but do no damage. Your kick misses the kobold.
The kobold is moderately wounded.
The rat bites you.
* * * LOW HITPOINT WARNING * * *
The kobold hits you with a +0 short sword.
* * * LOW HITPOINT WARNING * * *
There is an open door here.
You hit the rat. Your headbutt misses the rat.
The rat is severely wounded.
Your horns disappear.
Your talons disappear.
The rat bites you.
* * * LOW HITPOINT WARNING * * *
Casting: Beastly Appendage (safe; 12% risk of failure)
Confirm with . or Enter, or press ? or * to list all spells.
You grow a pair of large bovine horns.
Your feet morph into talons.
The rat bites you.
You die...

#+ #.# #
#.#####.###
...#.........#
#.....(......#
#......).....#
#...#####....#
# #.K..# ##r#.#
...######@#.#
>.........#.###
...###..#....#
#.....####
#♣....#
###♣.P##
#.##.## #<...+
#.##.#


You could see a kobold and a rat.

Vanquished Creatures
  A kobold (D:1)
1 creature vanquished.

Notes
Turn   | Place    | Note
-------+----------+-------------------------------------------
     0 | D:1      | Alarkh the Demonspawn Transmuter began the quest for the
                  | Orb.
     0 | D:1      | Reached XP level 1. HP: 15/15 MP: 3/3
    34 | D:1      | Slain by a rat

Illustrated notes

Levels and vault maps discovered:
D:1:      sevenhm_arrival_forest_fort_small_4, layout_basic,
          hellmonk_ecumenical_altar_run_dry

Action                   || total
-------------------------++-------
Melee: Unarmed           ||    11
       Kick              ||     1
 Cast: Beastly Appendage ||     2
Dodge: Dodged            ||     6

Table legend: (Time is in decaauts)
 A = Elapsed time spent in this place.
 B = Non-inter-level travel time spent in this place.
 C = Inter-level travel time spent in this place.
 D = Time resting spent in this place.
 E = Time spent auto-exploring this place.
 F = Levels seen in this place.
 G = Mean time per level.
                   A        B        C        D        E       F      G
               +--------+--------+--------+--------+--------+-----+--------+
         Total |     33 |     33 |      0 |      0 |     14 |   1 |   33.0 |
       Dungeon |     33 |     33 |      0 |      0 |     14 |   1 |   33.0 |
               +--------+--------+--------+--------+--------+-----+--------+

Top non-repeatable levels by time:
     D:1: 33 daAuts
